[Event "Open Gent FIDE-rated 2023"]
[Site "Gent, Belgium"]
[Date "2023.07.15"]
[Round "1.1"]
[White "Bernaert, Michael"]
[Black "Ikonnikov, Vyacheslav"]
[Result "0-1"]
[TimeControl "90'+30''"]
[BlackTitle "GM"]
[WhiteElo "1745"]
[BlackElo "2467"]

1. e4 c5 2. Nf3 a6 3. d4 cxd4 4. Nxd4 e5 5. Nb3 Nc6 6. a3 Be7 7. Nc3 Nf6 8. f3 d6 9. Be3 O-O 10.
Qd2 a5 11. Bb5 Be6 12. O-O-O Na7 13. Qf2 Nxb5 14. Nxb5 Qc8 15. Kb1 a4 16. Nc1 d5 17. exd5 Nxd5 18. Rd3 Rd8 19. Qd2 Bf5 20.
Ka1 Bxd3 21. Nxd3 Nxe3 22. Qxe3 Qxc2 23. Nxe5 Rd1+ 24. Rxd1 Qxd1+ 25. Ka2 Qd5+ 26. Kb1 Qxb5 0-1

[Event "Open Gent FIDE-rated 2023"]
[Site "Gent, Belgium"]
[Date "2023.07.15"]
[Round "1.2"]
[White "Goudriaan, Etienne"]
[Black "Meruma, Arie"]
[Result "1-0"]
[TimeControl "90'+30''"]
[WhiteTitle "IM"]
[WhiteElo "2322"]
[BlackElo "1743"]

1. d4 Nf6 2. c4 g6 3. Nc3 Bg7 4. g3 O-O 5. Bg2 d6 6. Nf3 a5 7. O-O Na6 8. h3 h5 9. e4 c5 10.
d5 Re8 11. Bf4 Rb8 12. e5 Nh7 13. Re1 Nc7 14. a4 Bf5 15. Nh4 dxe5 16. Bxe5 Bxe5 17. Rxe5 Bd7 18. Qd3 Kg7 19. Rae1 e6 20.
d6 Na6 21. Ne4 f6 22. Nxc5 f5 23. Nxe6+ Bxe6 24. Rxe6 Rxe6 25. Rxe6 Nf6 26. Re7+ 1-0

[Event "Open Gent FIDE-rated 2023"]
[Site "Gent, Belgium"]
[Date "2023.07.15"]
[Round "1.3"]
[White "Vanlommel, Maxim"]
[Black "van Osch, Mees"]
[Result "0-1"]
[TimeControl "90'+30''"]
[BlackTitle "FM"]
[WhiteElo "1740"]
[BlackElo "2320"]

1. e4 c5 2. Nf3 d6 3. d4 cxd4 4. Nxd4 Nf6 5. Nc3 a6 6. Bg5 e6 7. f4 Qc7 8. Qf3 Bd7 9. O-O-O Nc6 10.
f5 Ne5 11. Qg3 b5 12. Bd3 h6 13. Bxf6 gxf6 14. Rhf1 b4 15. Nce2 Nxd3+ 16. Qxd3 e5 17. Nf3 Bb5 18. Qe3 Qc4 0-1

[Event "Open Gent FIDE-rated 2023"]
[Site "Gent, Belgium"]
[Date "2023.07.15"]
[Round "1.4"]
[White "Bekker, Stefan"]
[Black "Lintner, Felix"]
[Result "1-0"]
[TimeControl "90'+30''"]
[WhiteTitle "FM"]
[WhiteElo "2286"]
[BlackElo "1738"]

1. Nf3 d5 2. c4 d4 3. b4 Bf5 4. Bb2 d3 5. Qa4+ c6 6. Nc3 Nf6 7. Ne5 dxe2 8. Bxe2 Nbd7 9. d4 e6 10.
Nxd7 Qxd7 11. Rd1 Be7 12. O-O O-O 13. Bf3 Qc7 14. h3 Rfd8 15. Rfe1 a5 16. b5 cxb5 17. Nxb5 Qc8 18. Rc1 Bb4 19.
Bc3 Qxc4 20. Bb2 Qd3 21. Red1 Bd2 22. Rc3 Bxc3 23. Rxd3 Bxb2 24. Rd1 Be4 25. Bxe4 Nxe4 26. Qc2 1-0

[Event "Open Gent FIDE-rated 2023"]
[Site "Gent, Belgium"]
[Date "2023.07.15"]
[Round "2.1"]
[White "Ikonnikov, Vyacheslav"]
[Black "Hol, Camile"]
[Result "1-0"]
[TimeControl "90'+30''"]
[WhiteTitle "GM"]
[WhiteElo "2467"]
[BlackElo "1964"]

1. d4 d5 2. c4 e6 3. Nf3 Nf6 4. Nc3 Be7 5. Bg5 O-O 6. e3 b6 7. Rc1 Bb7 8. Bxf6 Bxf6 9. cxd5 exd5 10.
Bd3 Re8 11. O-O c6 12. b4 Nd7 13. Qb3 Nf8 14. Na4 Ne6 15. b5 Qd7 16. Bxh7+ Kxh7 17. bxc6 Qc7 18. cxb7 Qxb7 19. Qc2+ Kg8 20.
Qc6 Qa6 21. Nc3 Red8 22. Nxd5 Qxa2 23. Nc3 Qa3 24. Ra1 Qd6 25. Qxd6 Rxd6 26. Nb5 Rd7 27. Ra6 Rd5 28. Rxa7 Rc8 29.
Na3 Rb8 30. Rb1 Bd8 31. Nb5 f6 32. h4 f5 33. g3 Bf6 34. Nc3 Rd6 35. Rb5 g6 36. Nd5 Bd8 37. Ne5 Nf8 38. Kg2 g5 39.
hxg5 Bxg5 40. Nf7 1-0

[Event "Open Gent FIDE-rated 2023"]
[Site "Gent, Belgium"]
[Date "2023.07.15"]
[Round "2.2"]
[White "Maes, Tibo"]
[Black "Goudriaan, Etienne"]
[Result "0-1"]
[TimeControl "90'+30''"]
[BlackTitle "IM"]
[WhiteElo "1964"]
[BlackElo "2322"]

1. e4 c6 2. d4 d5 3. Nd2 dxe4 4. Nxe4 Nf6 5. Nxf6+ exf6 6. c3 Bd6 7. Bd3 O-O 8. Qc2 Re8+ 9.
Ne2 h5 10. O-O h4 11. h3 Nd7 12. Bd2 Nf8 13. Rae1 g6 14. f4 f5 15. c4 Nh7 16. b4 Nf6 17. b5 cxb5 18. c5 Bc7 19.
Bxb5 Bd7 20. Bxd7 Qxd7 21. Qc4 Re4 22. Rb1 Rae8 23. Rf2 b6 24. c6 Qe6 25. Qxe6 R4xe6 26. Nc3 Rxc6 27. d5 Rc5 28.
Rc1 b5 29. Rff1 Bb6 30. Kh2 Nxd5 0-1

[Event "Open Gent FIDE-rated 2023"]
[Site "Gent, Belgium"]
[Date "2023.07.15"]
[Round "2.3"]
[White "van Osch, Mees"]
[Black "Vandenhole, Kobe"]
[Result "1-0"]
[TimeControl "90'+30''"]
[WhiteTitle "FM"]
[WhiteElo "2320"]
[BlackElo "1956"]

1. e4 e6 2. d4 d5 3. Nc3 a6 4. Be3 Nf6 5. e5 Nfd7 6. f4 b5 7. Nf3 b4 8. Ne2 Bb7 9. g4 h5 10.
gxh5 Nb6 11. b3 N8d7 12. Ng3 c5 13. f5 exf5 14. Nxf5 Rxh5 15. Bd3 Qc7 16. Ng5 cxd4 17. Qxh5 g6 18.
Qh7 Qc3+ 19. Ke2 dxe3 20. Qxf7+ Kd8 21. Ne6+ Kc8 22. Qe8# 1-0

[Event "Open Gent FIDE-rated 2023"]
[Site "Gent, Belgium"]
[Date "2023.07.15"]
[Round "2.4"]
[White "Van de Wynkele, Rudy"]
[Black "Bekker, Stefan"]
[Result "0-1"]
[TimeControl "90'+30''"]
[BlackTitle "FM"]
[WhiteElo "1937"]
[BlackElo "2286"]

1. e4 c5 2. d3 Nc6 3. f4 e6 4. Nf3 d5 5. Be2 Nf6 6. e5 Ng8 7. c3 Nge7 8. Na3 Rb8 9. O-O b5 10.
Nc2 Qb6 11. Kh1 b4 12. Qe1 a5 13. Qf2 a4 14. cxb4 Nxb4 15. Nxb4 Qxb4 16. a3 Qb6 17. Bd1 Bd7 18. Bc2 h5 19.
Rb1 Nf5 20. Rd1 Be7 21. d4 Nxd4 22. Nxd4 cxd4 23. Qxd4 Bc5 24. Qd3 g6 25. b4 axb3 26. Rxb3 Qa7 27. Rxb8+ Qxb8 28. Be3 Qa7 29.
Bxc5 Qxc5 30. Rb1 O-O 31. h3 Rc8 32. Bd1 Qf2 33. Bf3 Rc4 34. Qe2 Qxe2 35. Bxe2 Rxf4 36. Bf3 Rc4 37. Be2 Rc8 0-1

[Event "Open Gent FIDE-rated 2023"]
[Site "Gent, Belgium"]
[Date "2023.07.16"]
[Round "3.1"]
[White "Nemegeer, Arne"]
[Black "Ikonnikov, Vyacheslav"]
[Result "1/2-1/2"]
[TimeControl "90'+30''"]
[BlackTitle "GM"]
[WhiteElo "2043"]
[BlackElo "2467"]

1. e4 c5 2. Nf3 Nc6 3. Bb5 Na5 4. c3 a6 5. Be2 Nf6 6. e5 Nd5 7. d4 cxd4 8. cxd4 e6 9. O-O b5 10.
Nc3 Bb7 11. Bg5 Qb6 12. Rc1 h6 13. Bd2 Nxc3 14. Bxc3 b4 15. Bd2 Be7 16. Be3 Bd5 17. b3 Qb7 18. Ne1 O-O 19. Bf3 Bxf3 20.
Qxf3 Qxf3 21. Nxf3 Rfc8 22. Rxc8+ Rxc8 23. Rc1 Rxc1+ 24. Bxc1 Kf8 25. Kf1 Ke8 26. Ke2 d6 27. Be3 Kd7 28.
Kd3 Kc6 29. Ke4 Nb7 30. g4 a5 31. h4 d5+ 32. Kd3 Kd7 33. h5 Nd8 34. Nh2 Bf8 35. f4 g6 36. Nf3 Nc6 37. Bf2 gxh5 38.
gxh5 Ne7 39. Nh4 Bg7 40. Be3 f5 41. Nf3 Nc6 42. Bf2 Na7 43. Ng1 Nb5 44. Ne2 Bf8 45. Bh4 Nc7 46. Ke3 Be7 47.
Bxe7 Kxe7 48. Kd3 Kd7 49. Ke3 Kc6 50. Kd2 Kb5 51. Kd3 a4 52. Kd2 a3 53. Kd3 Ne8 54. Kd2 1/2-1/2

[Event "Open Gent FIDE-rated 2023"]
[Site "Gent, Belgium"]
[Date "2023.07.16"]
[Round "3.2"]
[White "Goudriaan, Etienne"]
[Black "Leemans, Huub"]
[Result "1-0"]
[TimeControl "90'+30''"]
[WhiteTitle "IM"]
[WhiteElo "2322"]
[BlackElo "2023"]

1. d4 d5 2. c4 e6 3. Nf3 Nf6 4. g3 dxc4 5. Bg2 c5 6. O-O Nc6 7. dxc5 Qxd1 8. Rxd1 Bxc5 9. Nbd2 c3 10. bxc3 O-O 11. Nb3 Be7 12. Nfd4 Bd7 13. a4 Rfd8 14. Nb5 a6 15. Nd6 Bxd6 16. Rxd6 Be8 17. Rxd8 Rxd8 18. Bg5 b6 19. Be3 Rb8 20. Rb1 Ne7 21. Nc5 Ned5 22. a5 Bb5 23. axb6 Nxc3 24. Rxb5 axb5 25. Na6 Nd7 26. b7 b4 27. Nxb4 1-0

[Event "Open Gent FIDE-rated 2023"]
[Site "Gent, Belgium"]
[Date "2023.07.16"]
[Round "3.3"]
[White "Van Der Leij, Arjan"]
[Black "van Osch, Mees"]
[Result "0-1"]
[TimeControl "90'+30''"]
[BlackTitle "FM"]
[WhiteElo "2030"]
[BlackElo "2320"]

1. e4 c5 2. c3 Nf6 3. e5 Nd5 4. d4 cxd4 5. cxd4 d6 6. Nf3 Nc6 7. Bc4 Nb6 8. Bb5 dxe5 9. Nxe5 Bd7 10.
Bxc6 Bxc6 11. Nxc6 bxc6 12. O-O g6 13. Nc3 Bg7 14. Be3 O-O 15. b3 Nd5 16. Nxd5 cxd5 17. Qd2 Qb6 18. Rac1 Rfc8 19.
Rc5 Rxc5 20. dxc5 Qc6 21. Rc1 e5 22. Qa5 d4 23. Bd2 e4 24. b4 Qe6 25. b5 e3 26. fxe3 dxe3 27. Be1 Bd4 28.
Bg3 e2+ 29. Bf2 Qf6 30. Qe1 Re8 31. c6 Qxf2+ 0-1

[Event "Open Gent FIDE-rated 2023"]
[Site "Gent, Belgium"]
[Date "2023.07.16"]
[Round "3.4"]
[White "Bekker, Stefan"]
[Black "Paul, Spruit"]
[Result "1/2-1/2"]
[TimeControl "90'+30''"]
[WhiteTitle "FM"]
[WhiteElo "2286"]
[BlackElo "2015"]

1. Nf3 d5 2. c4 d4 3. b4 a5 4. b5 c5 5. g3 Nd7 6. Bg2 e5 7. d3 Ngf6 8. O-O Be7 9. a4 O-O 10.
e3 Bd6 11. Ra2 Rb8 12. Re1 b6 13. exd4 exd4 14. Rae2 Re8 15. Rxe8+ Nxe8 16. Bg5 Nef6 17. Nbd2 h6 18. Bxf6 Nxf6 19.
Qe2 Bb7 20. Nh4 Bxg2 21. Kxg2 g6 22. Ne4 Kg7 23. Nxf6 Qxf6 24. Qf3 Qxf3+ 25. Nxf3 Kf8 26. Nd2 Re8 27. Rxe8+ Kxe8 28. Ne4 Ke7 29.
Kf3 f5 30. Nd2 Kf6 31. h3 h5 32. h4 Bf8 33. Ke2 Bh6 34. Nf3 Ke6 35. Ng1 Ke5 36. Kf3 Ke6 37. Nh3 Ke5 38. Kg2 Kf6 39.
Ng1 Ke6 40. Kf1 Kf6 41. Ke2 Ke6 42. Kf3 Kf6 43. Ke2 Ke6 44. Nf3 Kf6 45. Ne1 Ke6 46. f3 Bf8 47. Kf2 Bd6 48. Kg2 Kf7 49.
Kh3 Be5 50. Ng2 Bd6 51. g4 Bc7 52. gxh5 gxh5 53. f4 Ke6 54. Kg3 Bd8 55. Ne1 Bf6 56. Nf3 Bg7 57. Ng1 Bf6 58. Kh3 Bg7 59. Ne2 Kf6 60. Nc1 Bf8 61.
Ne2 Bd6 62. Kg2 Bc7 63. Ng3 Kg6 64. Kf3 Bd8 65. Ne2 1/2-1/2

[Event "Open Gent FIDE-rated 2023"]
[Site "Gent, Belgium"]
[Date "2023.07.16"]
[Round "4.1"]
[White "Vantorre, Nils"]
[Black "Goudriaan, Etienne"]
[Result "0-1"]
[TimeControl "90'+30''"]
[BlackTitle "IM"]
[WhiteElo "2058"]
[BlackElo "2322"]

1. e4 c6 2. Nf3 d5 3. d3 dxe4 4. dxe4 Qxd1+ 5. Kxd1 Nf6 6. Nbd2 g6 7. Bd3 Nbd7 8. c3 Ng4 9. Ke2 Nge5 10.
Nxe5 Nxe5 11. Bc2 b6 12. b3 Bg7 13. Bb2 O-O 14. c4 c5 15. f4 Nc6 16. e5 Bg4+ 17. Ke3 f6 18. exf6 exf6 19.
Be4 Rae8 20. Kf2 Nb4 21. Bc3 f5 22. Bxg7 Kxg7 23. Bf3 Nd3+ 24. Kg3 Bxf3 25. Nxf3 Re3 26. Rhd1 Rfe8 27. Rd2 R8e4 28.
Rad1 Nxf4 29. Rd7+ Kh6 30. Rxa7 Re2 31. Rd2 Nh5+ 32. Kh3 Rxd2 33. Nxd2 Re3+ 34. Nf3 g5 35. Rb7 g4+ 36. Kh4 Nf4 37.
Rxb6+ Ng6+ 38. Kg3 gxf3 39. gxf3 Kg5 40. a4 f4+ 41. Kf2 Ne5 0-1

[Event "Open Gent FIDE-rated 2023"]
[Site "Gent, Belgium"]
[Date "2023.07.16"]
[Round "4.2"]
[White "van Osch, Mees"]
[Black "van Kuijk, Vadim"]
[Result "1-0"]
[TimeControl "90'+30''"]
[WhiteTitle "FM"]
[WhiteElo "2320"]
[BlackElo "1997"]

1. e4 c6 2. Nc3 d5 3. Nf3 dxe4 4. Nxe4 Nf6 5. Qe2 Na6 6. Nxf6+ gxf6 7. g3 Nb4 8. d3 Bg4 9. Bg2 Qd5 10.
Kd1 f5 11. h3 Bh5 12. a3 Na6 13. c4 Qd7 14. g4 fxg4 15. Ne5 Qd4 16. hxg4 Bg6 17. Nxc6 bxc6 18. Bxc6+ Kd8 19. Be3 Qd6 20.
Bxa8 Bxd3 21. Qd2 Bg7 22. Ke1 1-0

[Event "Open Gent FIDE-rated 2023"]
[Site "Gent, Belgium"]
[Date "2023.07.16"]
[Round "4.3"]
[White "Dreelinck, Adriaan"]
[Black "Zouaghi, Amir"]
[Result "1-0"]
[TimeControl "90'+30''"]
[WhiteElo "2214"]
[BlackElo "1973"]

1. d4 d5 2. c4 c6 3. Nc3 Nf6 4. e3 e6 5. Nf3 Nbd7 6. Bd3 dxc4 7. Bxc4 b5 8. Bd3 Bd6 9. O-O Bb7 10.
Qc2 O-O 11. e4 e5 12. dxe5 Nxe5 13. Nxe5 Bxe5 14. h3 a6 15. Be3 Re8 16. f4 Bd4 17. Bxd4 Qxd4+ 18. Kh2 h6 19. Rad1 Qb6 20.
e5 Nd5 21. Nxd5 cxd5 22. Rf3 f6 23. Bg6 Re7 24. Qf5 Rf8 25. Re1 Bc8 26. Qd3 Bb7 27. Rg3 fxe5 28. fxe5 Qf2 29. Re2 Qf4 30.
e6 Rf6 31. Bf7+ Kh8 32. Qa3 b4 33. Qa5 Qd6 34. Rc2 d4 35. Qh5 Qf4 36. Qc5 Rfxf7 37. exf7 Rxf7 38. Qxb4 h5 39. Qd2 Qe5 40.
Qg5 Rf5 41. Qd8+ Kh7 42. Rc7 Bd5 43. Rc8 g6 44. Qc7+ Qxc7 45. Rxc7+ Kh6 46. Rd7 Bxa2 47. Rxd4 Rf2 48. Rd6 Bb1 49.
Rb6 Be4 50. b3 Ra2 51. Kg1 a5 52. h4 a4 53. bxa4 Rxa4 54. Re3 Bf5 55. g3 Ra2 56. Rf3 Be4 57. Re3 Bd5 58. Rd6 Bc4 59.
Rc3 Bg8 60. Rcc6 Bh7 61. Rc8 Ra7 62. Kg2 Rf7 63. Rcd8 Re7 64. Kf3 Ra7 65. Kf4 Rf7+ 66. Ke5 Rf5+ 67. Ke6 g5 68. Rh8 g4 69.
Rxh7 1-0

[Event "Open Gent FIDE-rated 2023"]
[Site "Gent, Belgium"]
[Date "2023.07.16"]
[Round "4.4"]
[White "Groen, Jari"]
[Black "Dreelinck, Jacob"]
[Result "0-1"]
[TimeControl "90'+30''"]
[WhiteElo "1971"]
[BlackElo "2089"]

1. e4 e6 2. d4 d5 3. Nc3 Nf6 4. e5 Nfd7 5. f4 c5 6. Nf3 Nc6 7. Be3 Rb8 8. Be2 cxd4 9. Nxd4 Bc5 10.
a3 O-O 11. b4 Bxd4 12. Bxd4 Nb6 13. Bc5 Ne7 14. O-O Bd7 15. Rf3 Re8 16. Bd3 h6 17. Ne2 Rc8 18. Nd4 Na4 19. Rg3 Nxc5 20.
bxc5 Nf5 21. Bxf5 exf5 22. Qh5 Kf8 23. Nxf5 Bxf5 24. Qxf5 Kg8 25. Qh5 Rc6 26. Rb1 Qe7 27. Qf3 Qxc5+ 28. Qe3 Qxc2 29. Qd3 Qc5+ 30. Qe3 b6 31. Rd1 Rd8 32. f5 d4 33. Qe4 Qd5 34. Qxd5 Rxd5 35. Rgd3 Rc4 36. Kf2 Rxe5 37.
Rxd4 Rxf5+ 38. Ke3 Re5+ 39. Kf4 Rxd4+ 40. Rxd4 Ra5 41. a4 g6 42. Kf3 Kg7 43. Ke3 Re5+ 44. Kf3 Kf6 45. Rd7 Ra5 46.
Rd4 Ke6 47. Ke3 Rd5 48. Rc4 Rc5 49. Rd4 Re5+ 50. Kf3 Rd5 51. Rc4 Kd6 52. Ke3 Re5+ 53. Kf3 b5 54. axb5 Rxb5 55. Rc8 a5 56.
Ra8 Kc5 57. Ra7 Kb4 58. Rxf7 Rf5+ 0-1

[Event "Open Gent FIDE-rated 2023"]
[Site "Gent, Belgium"]
[Date "2023.07.17"]
[Round "5.1"]
[White "Goudriaan, Etienne"]
[Black "Dreelinck, Adriaan"]
[Result "1/2-1/2"]
[TimeControl "90'+30''"]
[WhiteTitle "IM"]
[WhiteElo "2322"]
[BlackElo "2214"]

1. Nf3 d5 2. g3 b6 3. Bg2 Bb7 4. d4 e6 5. O-O Nd7 6. c4 dxc4 7. a4 c5 8. Nbd2 Ngf6 9. Nxc4 cxd4 10.
Qxd4 Nc5 11. Bf4 Nb3 12. Qxd8+ Rxd8 13. Rad1 Nd5 14. Ne3 Nxf4 15. Rxd8+ Kxd8 16. gxf4 f6 17. Rd1+ Kc7 18. Bh3 Bxf3 19.
exf3 f5 20. Bf1 Bc5 21. Bc4 Nd4 22. b4 Nxf3+ 23. Kg2 Nh4+ 24. Kg3 Be7 25. Bxe6 Rd8 26. Nd5+ Kb8 27. Nxe7 Rxd1 28. Kxh4 Re1 29.
Nc6+ Kc7 30. Bd5 Rg1 31. Bf3 Rf1 32. Nxa7 Rxf2 33. Kg3 Ra2 34. Nb5+ Kd7 35. Nc3 Ra3 36. Nd5 Kc6 37. Ne3+ Kc7 38.
Nxf5 Rxa4 39. b5 g6 40. Ne3 Kd6 41. Ng4 Ra3 42. Kf2 Ra4 43. Kg3 Ra3 44. Kg2 Ra4 45. Nf6 Rxf4 46. Nxh7 Ke7 47.
Kg3 Rf7 48. Ng5 Rf5 49. h4 Rxb5 50. Be4 Kf6 51. Kf4 Ra5 52. Nf3 Rh5 53. Ke3 g5 54. hxg5+ Rxg5 55. Nxg5 Kxg5 1/2-1/2

[Event "Open Gent FIDE-rated 2023"]
[Site "Gent, Belgium"]
[Date "2023.07.17"]
[Round "5.2"]
[White "Dreelinck, Jacob"]
[Black "van Osch, Mees"]
[Result "1/2-1/2"]
[TimeControl "90'+30''"]
[BlackTitle "FM"]
[WhiteElo "2089"]
[BlackElo "2320"]

1. e4 e6 2. d4 d5 3. Nd2 Be7 4. Ngf3 Nf6 5. Bd3 c5 6. exd5 Qxd5 7. dxc5 Qxc5 8. O-O O-O 9. Qe2 Nbd7 10.
Ne4 Nxe4 11. Qxe4 Qh5 12. Be2 Nf6 13. Qe5 Qxe5 14. Nxe5 Bd6 15. Nc4 Bc7 16. Bf3 e5 17. Re1 e4 18.
Be2 Be6 19. Bd2 Rac8 20. h3 Bxc4 21. Bxc4 Be5 22. Bb3 Bxb2 23. Rad1 Bc3 24. Kf1 Bxd2 25. Rxd2 Rfd8 26. Red1 Rxd2 27.
Rxd2 Kf8 28. Ke2 Ke7 29. Rd4 Rc5 30. Ke3 b5 31. a4 a6 32. Rb4 Rxc2 33. axb5 axb5 34. Rxb5 Rb2 35. Bc4 Rxb5 36.
Bxb5 Nd5+ 37. Kd4 Nc7 38. Bf1 f5 39. Ke5 g6 40. g4 fxg4 41. hxg4 Ne6 42. Kxe4 g5 43. Kf5 h6 44. Kg6 Nf4+ 45.
Kxh6 Kf6 46. Bc4 Nh3 1/2-1/2

[Event "Open Gent FIDE-rated 2023"]
[Site "Gent, Belgium"]
[Date "2023.07.17"]
[Round "5.3"]
[White "De Block, Yordi"]
[Black "Ikonnikov, Vyacheslav"]
[Result "1/2-1/2"]
[TimeControl "90'+30''"]
[BlackTitle "GM"]
[WhiteElo "2082"]
[BlackElo "2467"]

1. d4 Nf6 2. Bg5 d5 3. Bxf6 exf6 4. e3 Bd6 5. c4 dxc4 6. Nc3 c6 7. Bxc4 Nd7 8. Nge2 f5 9. Qc2 Nf6 10.
Rd1 O-O 11. g3 g6 12. Nf4 Qe7 13. Be2 h5 14. O-O h4 15. Bf3 g5 16. Nfe2 hxg3 17. hxg3 Bd7 18. e4 fxe4 19. Nxe4 Nxe4 20.
Qxe4 Qxe4 21. Bxe4 Rae8 22. Nc3 Re7 23. d5 c5 24. Bd3 Bg4 25. Rde1 Rd8 26. Ne4 Bf3 27. Nxg5 Bxd5 28. b3 Kg7 29.
Be4 Bxe4 30. Nxe4 Rde8 31. Nxd6 Rxe1 32. Nxe8+ Rxe8 33. Rd1 Kf6 34. Kg2 Re4 35. Kf3 Rb4 36. Rc1 b6 37. Rc4 a5 38.
Ke4 Ke6 39. g4 b5 40. Rxb4 axb4 41. f4 c4 42. bxc4 bxc4 43. g5 c3 44. f5+ Kd6 45. Kd3 Ke5 46. g6 fxg6 47. fxg6 Kf6 48.
a3 bxa3 49. Kxc3 Kxg6 50. Kb3 a2 51. Kxa2 1/2-1/2

[Event "Open Gent FIDE-rated 2023"]
[Site "Gent, Belgium"]
[Date "2023.07.17"]
[Round "5.4"]
[White "Bekker, Stefan"]
[Black "Van Compenolle, Kurt"]
[Result "1-0"]
[TimeControl "90'+30''"]
[WhiteTitle "FM"]
[WhiteElo "2286"]
[BlackElo "2084"]

1. Nf3 Nf6 2. g3 d5 3. c4 e6 4. Bg2 Be7 5. O-O O-O 6. d4 Nc6 7. b3 a5 8. a3 Bd7 9. Bb2 Qb8 10.
Nc3 Rd8 11. Qc2 a4 12. Nxa4 dxc4 13. Nc5 cxb3 14. Qxb3 Na5 15. Qc2 Bc6 16. Rfc1 b6 17. Nd3 Bd5 18. Nf4 Be4 19. Qxc7 Qxc7 20.
Rxc7 Bd6 21. Rxf7 Bxf4 22. gxf4 Kxf7 23. Ng5+ Kg8 24. Nxe4 Nxe4 25. Bxe4 Rac8 26. e3 Nc4 27. Bc1 g6 28.
Kf1 Nd6 29. Bd3 Rc3 30. Ke2 Nc4 31. a4 Na5 32. Bd2 Rc7 33. Rb1 Rd6 34. h4 Ra7 35. Bb5 Rc7 36. Kd3 Kg7 37. h5 gxh5 38.
Rg1+ Kf6 39. e4 Rd8 40. Rg5 Nb3 41. e5+ Kf7 42. Be3 h6 43. Rxh5 Kg6 44. Rh1 h5 45. Rg1+ Kf7 46. Rg5 Rh8 47.
f5 Na5 48. d5 1-0

[Event "Open Gent FIDE-rated 2023"]
[Site "Gent, Belgium"]
[Date "2023.07.17"]
[Round "6.1"]
[White "Decker, Nils"]
[Black "Goudriaan, Etienne"]
[Result "1-0"]
[TimeControl "90'+30''"]
[BlackTitle "IM"]
[WhiteFideId "4699670"]
[WhiteElo "2109"]
[BlackElo "2322"]

1. e4 c6 2. d4 d5 3. e5 Bf5 4. h4 h5 5. Bd3 Bxd3 6. Qxd3 Qa5+ 7. Nd2 e6 8. Ngf3 Nh6 9. O-O Nf5 10.
c3 Qa6 11. Qb1 c5 12. c4 Nxd4 13. Nxd4 cxd4 14. cxd5 exd5 15. e6 Qxe6 16. Nf3 Be7 17. Re1 Qg4 18. Bg5 Nc6 19. Ne5 Nxe5 20.
Rxe5 f6 21. Qg6+ Kf8 22. Rxe7 Kxe7 23. f3 Qc8 24. Qxg7+ Kd6 25. Bf4+ Ke6 26. Re1+ Kf5 27. Bd6 Qg8 28. g4+ hxg4 29.
fxg4# 1-0

[Event "Open Gent FIDE-rated 2023"]
[Site "Gent, Belgium"]
[Date "2023.07.17"]
[Round "6.2"]
[White "van Osch, Mees"]
[Black "Godde, Matthias"]
[Result "1-0"]
[TimeControl "90'+30''"]
[WhiteTitle "FM"]
[WhiteElo "2320"]
[BlackElo "2047"]

1. e4 c5 2. Nf3 Nc6 3. d4 cxd4 4. Nxd4 Nf6 5. Nc3 e5 6. Ndb5 d6 7. Nd5 Nxd5 8. exd5 Ne7 9. c3 Nf5 10.
Bd3 Be7 11. O-O O-O 12. a4 Nh4 13. f4 a6 14. Na3 f5 15. Nc4 Ng6 16. fxe5 Nxe5 17. Nxe5 dxe5 18. Qb3 Bc5+ 19. Kh1 Bd6 20.
Bc2 b5 21. axb5 Rb8 22. Be3 Rxb5 23. Qa2 Qh4 24. Bf2 Qh6 25. c4 e4 26. Bg1 Rb7 27. c5 Be5 28. Rab1 Rf6 29. d6+ Be6 30.
Qxa6 Rbf7 31. Qa4 Qh4 32. Bb3 Bxb3 33. Qe8+ Rf8 34. Qxe5 f4 35. Qxe4 Rf5 36. Rbd1 Bxd1 37. Rxd1 Qh5 38.
Qf3 Qe8 39. d7 Qd8 40. c6 R5f6 41. Qd5+ R6f7 42. Bc5 1-0

[Event "Open Gent FIDE-rated 2023"]
[Site "Gent, Belgium"]
[Date "2023.07.17"]
[Round "6.3"]
[White "Dreelinck, Adriaan"]
[Black "Bekker, Stefan"]
[Result "1-0"]
[TimeControl "90'+30''"]
[BlackTitle "FM"]
[WhiteElo "2214"]
[BlackElo "2286"]

1. d4 Nf6 2. c4 e6 3. Nc3 Bb4 4. e3 O-O 5. Bd2 d5 6. Nf3 b6 7. cxd5 exd5 8. Bd3 Re8 9. Rc1 Bb7 10.
O-O Bf8 11. Ne5 c5 12. f4 Nc6 13. Bb5 Qd6 14. Be1 a6 15. Be2 cxd4 16. exd4 b5 17. Bf3 Ne7 18. Qd3 Rad8 19. Bf2 Qe6 20.
g4 Ng6 21. Bg3 Qb6 22. Rfe1 Ne4 23. Nxe4 dxe4 24. Bxe4 Rxd4 25. Bf2 Bc5 26. Bxd4 Bxd4+ 27. Kf1 Nxf4 28. Bxh7+ 1-0

[Event "Open Gent FIDE-rated 2023"]
[Site "Gent, Belgium"]
[Date "2023.07.17"]
[Round "6.4"]
[White "Ikonnikov, Vyacheslav"]
[Black "Dreelinck, Jacob"]
[Result "1/2-1/2"]
[TimeControl "90'+30''"]
[WhiteTitle "GM"]
[WhiteElo "2467"]
[BlackElo "2089"]

1. d4 Nf6 2. c4 g6 3. Nc3 Bg7 4. e4 d6 5. Nf3 O-O 6. Be2 e5 7. d5 Nbd7 8. Be3 Ng4 9. Bg5 f6 10.
Bh4 Nh6 11. Nd2 Nf7 12. b4 Bh6 13. Nb3 Ng5 14. O-O f5 15. Kh1 Nf6 16. f3 Nf7 17. Qc2 g5 18. Bf2 f4 19. Nd2 g4 20.
fxg4 Nxg4 21. Bxg4 Bxg4 22. Nf3 Kh8 23. Ne2 Rg8 24. Neg1 a5 25. a3 Qf6 26. Bh4 Qg6 27. c5 Bg5 28.
Be1 Be7 29. bxa5 dxc5 30. Bc3 Bd6 31. Rab1 b6 32. axb6 Bxf3 33. Nxf3 Rxa3 34. Nh4 Qg4 35. b7 c6 36. Bb2 Rg3 37.
hxg3 fxg3 38. Rxf7 c4 39. Kg1 Qxh4 40. Kf1 Qh1+ 41. Ke2 Qxg2+ 42. Kd1 Qh1+ 43. Kd2 Bb4+ 44. Bc3 Qh6+ 45. Ke2 Qh2+ 46.
Kd1 Qh1+ 47. Kd2 Qh6+ 48. Kd1 Qh1+ 49. Kd2 1/2-1/2

[Event "Open Gent FIDE-rated 2023"]
[Site "Gent, Belgium"]
[Date "2023.07.18"]
[Round "7.1"]
[White "Dreelinck, Adriaan"]
[Black "van Osch, Mees"]
[Result "1/2-1/2"]
[TimeControl "90'+30''"]
[BlackTitle "FM"]
[WhiteElo "2214"]
[BlackElo "2320"]

1. d4 Nf6 2. c4 g6 3. Nc3 Bg7 4. e4 d6 5. Be2 O-O 6. Be3 e5 7. d5 Na6 8. g4 Nc5 9. f3 h5 10.
h4 hxg4 11. b4 Na6 12. fxg4 Nxb4 13. h5 gxh5 14. gxh5 Nh7 15. a3 Na6 16. Bg4 Nc5 17. Ra2 f5 18. Bxf5 Bxf5 19. exf5 e4 20.
Rg2 Kh8 21. Bd4 Bxd4 22. Qxd4+ Qf6 23. Nge2 Nd3+ 24. Kd1 Ne5 25. Nf4 Ng5 26. Ng6+ Kh7 27. Nxf8+ Rxf8 28. Nxe4 Nxe4 29. Qxe4 Qxf5 30.
Qxf5+ Rxf5 31. h6 Nxc4 32. Rg7+ Kh8 33. h7 Rf1+ 34. Rxf1 Kxg7 35. Rf7+ Kh8 36. Ke2 Nxa3 37. Kd3 b5 38.
Rxc7 a5 39. Kc3 b4+ 40. Kb3 Nb5 41. Rb7 Nc3 42. Kc4 Nd1 43. Kb5 b3 44. Kxa5 b2 45. Ka6 Nc3 46. Rxb2 Nxd5 47. Rd2 Nf6 48.
Kb6 Kxh7 49. Kc6 Kg6 50. Rg2 Kf5 51. Kxd6 Ne4+ 52. Kd5 Nf6+ 53. Kd4 Ke6 54. Rg5 Nd7 55. Ra5 Nf6 56. Re5+ Kd6 57.
Re1 Nd7 58. Rh1 Ke6 59. Rh5 Nf6 60. Rg5 Nd7 61. Ke4 Nf6+ 62. Kf4 Nd5+ 63. Kf3 Nf6 64. Ra5 Nd5 65. Ke4 Nf6+ 66. Kd4 Nd7 67.
Ra7 Nf6 68. Ra6+ Kf5 69. Rd6 Ng4 70. Rd5+ Kf4 71. Rh5 Nf6 72. Rh1 Kf5 73. Re1 Ng4 74. Kd5 Nf6+ 75. Kd4 Ng4 76. Re4 Nf6 77.
Re5+ Kf4 78. Ra5 Ng4 79.
Ra1 Kf5 80. Rf1+ Ke6 81. Rf4 Nf6 82. Rxf6+ Kxf6 1/2-1/2

[Event "Open Gent FIDE-rated 2023"]
[Site "Gent, Belgium"]
[Date "2023.07.18"]
[Round "7.2"]
[White "Driessen, Marcus"]
[Black "Decker, Nils"]
[Result "0-1"]
[TimeControl "90'+30''"]
[BlackFideId "4699670"]
[WhiteElo "2098"]
[BlackElo "2109"]

1. e4 c5 2. Nf3 e6 3. d4 cxd4 4. Nxd4 Nc6 5. Nxc6 bxc6 6. Bd3 Nf6 7. Qe2 d5 8. Nd2 Nd7 9. c4 Ne5 10.
Bb1 dxc4 11. O-O Ba6 12. Rd1 Bc5 13. Nf3 Qf6 14. Nxe5 Qxe5 15. Bc2 O-O 16. g3 Rfd8 17. Kg2 Rxd1 18.
Bxd1 Rb8 19. Qc2 Qd6 20. Be2 Qd4 21. Bf1 h6 22. Rb1 Rb4 23. Be3 Qe5 24. a3 Rb3 25. Bxc4 Bxc4 26. Qxc4 Bxe3 27.
fxe3 Rxe3 28. Rf1 Rxe4 29. Qxc6 Qxb2+ 30. Rf2 Re2 31. Qa8+ Kh7 32. Qxa7 Rxf2+ 33. Qxf2 Qxa3 34. Qxf7 Qa2+ 35.
Kg1 Qb1+ 36. Kf2 Qf5+ 37. Qxf5+ exf5 38. Kf3 g5 39. Ke3 Kg6 40. Kd4 Kh5 41. h3 f4 42. gxf4 gxf4 43. Ke4 Kg5 0-1

[Event "Open Gent FIDE-rated 2023"]
[Site "Gent, Belgium"]
[Date "2023.07.18"]
[Round "7.3"]
[White "Dreelinck, Jacob"]
[Black "De Block, Yordi"]
[Result "1/2-1/2"]
[TimeControl "90'+30''"]
[WhiteElo "2089"]
[BlackElo "2082"]

1. Nf3 Nf6 2. g3 b6 3. Bg2 Bb7 4.
O-O e6 5. c4 c5 6. b3 d5 7. cxd5 exd5 8. d4 Nbd7 9. Bb2 Be7 10. Nbd2 O-O 11. Rc1 Rc8 12. Re1 Ne4 13. Nxe4 dxe4 14.
Ne5 Nxe5 15. dxe5 Qxd1 16. Rexd1 Rfd8 17. f4 exf3 18. Bxf3 Ba8 19. Bg4 Rb8 20. e6 Bg5 21. exf7+ Kxf7 22.
Ra1 Be3+ 23. Kf1 Be4 24. Be5 Ra8 25. Bc7 Rd4 26. Be5 Rdd8 27. Bc7 Rd4 28. Be5 1/2-1/2